 Dungeon Sprint DCSS version 0.30.1-11-g7821555f0a (webtiles) character file.

Game seed: 2844319491068815779

1096 Groucho the Covert (level 8, -6/43 HPs)
             Began as a Spriggan Earth Elementalist on Dec 24, 2023.
             Was a High Priest of Sif Muna.
             Mangled by a wolf spider (22 damage)
             ... in the Dungeon (Sprint VII: "The Pits").
             The game lasted 00:05:52 (3356 turns).

Groucho the Covert (Spriggan Earth Elementalist)    Turns: 3356, Time: 00:05:52

Health: -6/43      AC:  2    Str:  4    XL:     8   Next: 10%
Magic:  9/19       EV: 17    Int: 18    God:    Sif Muna [*****.]
Gold:   0          SH:  0    Dex: 16    Spells: 13/21 levels left

rFire   . . .        h - +2 dagger
rCold   . . .        (no shield)
rNeg    . . .        a - +0 robe
rPois   .            (helmet restricted)
rElec   .            (no cloak)
rCorr   .            (gloves unavailable)
SInv    +            (boots unavailable)
Will    +....        (no amulet)
Stlth   +++++        (no ring)
HPRegen 0.27/turn    (no ring)
MPRegen 0.16/turn

%: no teleportation
@: very quick
A: very small, no large weapons, unfitting armour, see invisible, speed 3
a: Renounce Religion, Channel Magic, Forget Spell, Divine Exegesis


You were in the Dungeon.
You worshipped Sif Muna.
Sif Muna was extremely pleased with you.
You visited 1 branch

Inventory:

Hand Weapons
 h - a +2 dagger (weapon)
Armour
 a - a +0 robe (worn)
Scrolls
 g - a scroll of blinking
 j - 5 scrolls of amnesia
 k - a scroll of summoning
Potions
 b - 5 potions of magic
 c - 5 potions of curing
 d - 6 potions of heal wounds
 e - a potion of haste
 f - 3 potions of berserk rage
 i - 2 potions of invisibility


   Skills:
 - Level 5.0 Fighting
 - Level 5.0 Short Blades
 - Level 1.0 Armour
 - Level 3.0 Dodging
 + Level 12.3 Stealth
 - Level 7.0 Spellcasting
 - Level 5.0 Conjurations
 - Level 7.0 Transmutations
 - Level 8.0 Earth Magic
 - Level 5.0 Invocations


You had 13 spell levels left.
You knew the following spells:

 Your Spells              Type           Power      Damage    Failure   Level
a - Sandblast             Erth           70%        2d15      1%          1
b - Stone Arrow           Conj/Erth      58%        3d10      2%          3
c - Petrify               Tmut/Erth      33%        N/A       4%          4

Your spell library contained the following spells:

 Spells                   Type           Power      Damage    Failure   Level
 Passwall                 Tmut/Erth      27%        N/A       1%          2


Dungeon Overview and Level Annotations

Branches:
Dungeon (1/1)

Altars:
Ashenzari
Cheibriados
Dithmenos
Elyvilon
Fedhas
Gozag
Hepliaklqana
Kikubaaqudgha
Makhleb
Nemelex Xobeh
Okawaru
Qazlal
Ru
Sif Muna
Trog
Uskayaw
Vehumet
Wu Jian
Xom
Yredelemnul
Zin
The Shining One
Jiyva
Lugonu


Innate Abilities, Weirdness & Mutations

You are very small and have problems with some larger weapons.
You are too small for most types of armour.
You have supernaturally acute eyesight. (SInv)
You cover ground extremely quickly. (Speed+++)


Message History

Sif Muna accepts your kill.
Sif Muna will now gift you books as you gain piety.
Your Stealth skill gained 2 levels and is now at level 12!
You have reached level 8!
Unknown command.
You start resting.
Magic restored.
You start waiting.
You start waiting.
Done waiting.
A wolf spider comes into view.
Aiming: Stone Arrow (dangerous; 2% risk of failure)
Press: ? - help, Q - select action, (/) - cycle Shift-Dir - straight line, f - wolf spider
Aim: a wolf spider (asleep, 100% to hit)
The stone arrow hits the wolf spider!
The wolf spider is moderately wounded.
The wolf spider's many legs skitter.
Unknown command.
Aiming: Stone Arrow (dangerous; 2% risk of failure)
Press: ? - help, Q - select action, (/) - cycle Shift-Dir - straight line, f/p - wolf spider
Aim: a wolf spider (moderately wounded, 71% to hit)
The stone arrow misses the wolf spider.
Unknown command.
Unknown command.
Casting: Stone Arrow (dangerous; 2% risk of failure)
Confirm with . or Enter, or press ? or * to list all spells.
Aiming: Petrify (dangerous; 4% risk of failure)
Press: ? - help, Shift-Dir - straight line, f/p - wolf spider
Aim: a wolf spider (moderately wounded, chance to affect: 62%)
The wolf spider resists with significant effort.
The wolf spider hits you! The wolf spider bites you.
You are lethally poisoned!
The wolf spider poisons you! The wolf spider hits you.
The wolf spider bites you!
* * * LOW HITPOINT WARNING * * *
Unknown command.
Unknown command.
You feel better. The wolf spider hits you!!
Ouch! That really hurt!
You die...

#.#..########...<...#
#.#..'[))).##.......#
#.#..#[))).##.......#
#'###########.......#
#.......#..##########
#..###..#.######
#.......#.#..).#
##.###.##'#....#
#.......#@s....+
#.รท###..#'#....#
#..)...)'.# ...#
########### ###


You could see a wolf spider.

Vanquished Creatures
  A snapping turtle (D)
  A jumping spider (D)
  A warg (D)
  2 floating eyes (D)
  A black bear (D)
  An ogre (D)
  A phantom (D)
  A kobold brigand (D)
  A gnoll sergeant (D)
  A jelly (D)
  A mummy (D)
  An adder (D)
  A gnoll (D)
  An adder zombie (D)
  An orc (D)
  2 quokkas (D)
  2 ball pythons (D)
  2 bats (D)
  A rat (D)
23 creatures vanquished.

Notes
Turn   | Place    | Note
-------+----------+-------------------------------------------
     0 | D        | Groucho the Spriggan Earth Elementalist began the quest for
                  | the Orb.
     0 | D        | Reached XP level 1. HP: 9/9 MP: 5/5
    13 | D        | Noticed a floating eye
    16 | D        | Killed a floating eye
    17 | D        | Reached skill level 5 in Spellcasting
    17 | D        | Reached skill level 1 in Fighting
    17 | D        | Reached skill level 1 in Armour
    17 | D        | Reached skill level 5 in Stealth
    17 | D        | Reached XP level 2. HP: 14/14 MP: 2/9
    17 | D        | Reached XP level 3. HP: 18/18 MP: 2/10
    17 | D        | Reached XP level 4. HP: 22/22 MP: 2/12
   507 | D        | Found a bloodstained altar of Trog.
   507 | D        | Found a shimmering blue altar of Sif Muna.
   507 | D        | Found a viscous altar of Jiyva.
   507 | D        | Found a hazy altar of Hepliaklqana.
   507 | D        | Found an opulent altar of Gozag.
   508 | D        | Found a glowing golden altar of the Shining One.
   508 | D        | Found a glowing silver altar of Zin.
   508 | D        | Found a basalt altar of Yredelemnul.
   508 | D        | Found a shimmering altar of Xom.
   508 | D        | Found an ornate altar of the Wu Jian Council.
   508 | D        | Found a sacrificial altar of Ru.
   508 | D        | Found a stormy altar of Qazlal.
   508 | D        | Found an iron altar of Okawaru.
   508 | D        | Found a sparkling altar of Nemelex Xobeh.
   508 | D        | Found a burning altar of Makhleb.
   508 | D        | Found a blossoming altar of Fedhas.
   508 | D        | Found a white marble altar of Elyvilon.
   508 | D        | Found a shadowy altar of Dithmenos.
   508 | D        | Found a snail-covered altar of Cheibriados.
   510 | D        | Found a radiant altar of Vehumet.
   510 | D        | Found a corrupted altar of Lugonu.
   511 | D        | Found a hide-covered altar of Uskayaw.
   511 | D        | Found an ancient bone altar of Kikubaaqudgha.
   511 | D        | Found a broken altar of Ashenzari.
   517 | D        | Became a worshipper of Sif Muna the Loreminder
   542 | D        | Reached * piety under Sif Muna
  1039 | D        | Reached ** piety under Sif Muna
  1039 | D        | Noticed a black bear
  1050 | D        | Learned a level 3 spell: Stone Arrow
  1055 | D        | Learned a level 4 spell: Petrify
  1068 | D        | Killed a black bear
  1069 | D        | Reached XP level 5. HP: 25/25 MP: 6/13
  1130 | D        | Noticed a warg
  1140 | D        | Killed a warg
  1141 | D        | Reached skill level 5 in Conjurations
  1141 | D        | Reached XP level 6. HP: 29/30 MP: 5/17
  1143 | D        | Reached skill level 5 in Invocations
  1143 | D        | Reached skill level 5 in Transmutations
  1145 | D        | Noticed a floating eye
  1149 | D        | Killed a floating eye
  1149 | D        | Reached *** piety under Sif Muna
  1455 | D        | Reached skill level 5 in Short Blades
  1455 | D        | Reached XP level 7. HP: 27/34 MP: 2/18
  2179 | D        | Reached skill level 5 in Fighting
  2179 | D        | Reached skill level 6 in Stealth
  2529 | D        | Noticed a snapping turtle
  2547 | D        | Killed a snapping turtle
  2547 | D        | Reached **** piety under Sif Muna
  2548 | D        | Reached skill level 10 in Stealth
  3093 | D        | Noticed a jumping spider
  3097 | D        | Killed a jumping spider
  3097 | D        | Reached ***** piety under Sif Muna
  3098 | D        | Reached skill level 12 in Stealth
  3098 | D        | Reached XP level 8. HP: 43/43 MP: 6/19
  3352 | D        | Noticed a wolf spider
  3356 | D        | Mangled by a wolf spider

Illustrated notes

Levels and vault maps discovered:
D:        pitsprint [storerooms_1, entrance_room_1, metal_vault_6, armoury_2,
          mini_pit_1, grid_room_1, main_hall_1, silver_pit, the_coven_3,
          the_vestibule_1, steel_vault_5, golden_pit, hallway_of_sentries,
          crystal_vault_1, iron_vault_2, final_vault]

Skill      XL: |  1  2  3  4  5  6  7 |
---------------+----------------------+-----
Earth Magic    | 7 8 |  8.0
Spellcasting   | 5 7 |  7.0
Transmutations | 2 7 |  7.0
Fighting       | 1 5 |  5.0
Armour         | 1 |  1.0
Dodging        | 3 |  3.0
Stealth        | 5 12 | 12.3
Conjurations   | 4 5 |  5.0
Invocations    | 4 5 |  5.0
Short Blades   | 5 |  5.0

Action                     |  1- 3 |  4- 6 |  7- 9 || total
---------------------------+-------+-------+-------++-------
   Cast: Sandblast         |     3 |    15 |     1 ||    19
         Stone Arrow       |       |    10 |    22 ||    32
         Petrify           |       |       |     1 ||     1
    Use: Potion            |       |       |     1 ||     1
  Dodge: Dodged            |       |     9 |       ||     9
